 Dungeon Crawl Stone Soup version 0.30.0-29-ga12c61a403 (webtiles) character file.

Game seed: 13949459327596549488

3778 seaoflcl the Cleaver (level 9, -12/81 HPs)
             Began as a Minotaur Fighter on June 15, 2023.
             Was an Initiate of Ru.
             Mangled by a very large slime creature (21 damage)
             ... on level 8 of the Dungeon.
             The game lasted 00:10:17 (8244 turns).

seaoflcl the Cleaver (Minotaur Fighter)             Turns: 8244, Time: 00:10:17

Health: -12/81     AC: 13    Str: 25    XL:     9   Next: 95%
Magic:  8/8        EV:  8    Int:  5    God:    Ru [......]
Gold:   327        SH:  6    Dex: 16    Spells: 8/8 levels left

rFire   . . .        a - +0 war axe
rCold   . . .        c - +0 buckler
rNeg    . . .        s - +0 chain mail
rPois   .            J - +1 hat
rElec   .            (no cloak)
rCorr   .            r - +0 pair of gloves
SInv    .            (no boots)
Will    .....        (no amulet) Stlth
                     o - +6 ring of dexterity
HPRegen 0.33/turn    (no ring)
MPRegen 0.11/turn

%: no passive effects
@: no status effects
A: horns 2, no stealth, retaliatory headbutt
a: Renounce Religion


You were on level 8 of the Dungeon.
You worshipped Ru.
Ru was noncommittal.
You visited 2 branches of the dungeon, and saw 9 of its levels.
You also visited: Sewer.

You collected 411 gold pieces.
You spent 84 gold pieces at shops.

Inventory:

Hand Weapons
 a - a +0 war axe (weapon)
Missiles
 b - 7 curare-tipped darts
 j - a throwing net
 p - 33 poisoned darts
 I - 2 javelins (quivered)
 L - 2 atropa-tipped darts
Armour
 c - a +0 buckler (worn)
 r - a +0 pair of gloves (worn)
 s - a +0 chain mail (worn)
 G - the +0 scale mail of Inference {rElec Will+}
   (You found it on level 5 of the Dungeon)

   rElec:     It insulates you from electricity.
   Will:      It increases your willpower.
 J - a +1 hat (worn)
Jewellery
 o - a +6 ring of dexterity (left hand)
 P - an amulet of regeneration
Wands
 k - a wand of iceblast (10)
 A - a wand of acid (5)
 D - a wand of digging (3)
 F - a wand of flame (12)
Scrolls
 g - a scroll of torment
 i - 3 scrolls of teleportation
 l - 2 scrolls of enchant armour
 n - 3 scrolls of blinking {unknown}
 t - 2 scrolls of enchant weapon
 u - a scroll of vulnerability
 v - a scroll of silence {unknown}
 y - 2 scrolls of butterflies {unknown}
 z - a scroll of fog {unknown}
 B - a scroll of brand weapon {unknown}
 C - a scroll of noise {unknown}
 H - a scroll of poison {unknown}
 K - 2 scrolls of amnesia {unknown}
Potions
 d - 3 potions of might
 e - 2 potions of ambrosia
 f - a potion of magic {unknown}
 h - a potion of resistance
 m - 2 potions of curing {unknown}
 q - a potion of brilliance {unknown}
 w - a potion of degeneration {unknown}
 x - 2 potions of heal wounds {unknown}
 E - a potion of invisibility {unknown}
 M - a potion of lignification {unknown}
 N - a potion of flight {unknown}
 O - a potion of berserk rage {unknown}
 Q - a potion of haste {unknown}


   Skills:
 + Level 8.0 Fighting
 * Level 10.4 Axes
 + Level 3.3 Throwing
 + Level 8.1 Armour
 + Level 8.1 Shields
 + Level 2.8 Evocations


You had 8 spell levels left.
You didn't know any spells.
Your spell library contained the following spells:

 Spells                   Type           Power      Damage    Failure   Level
 Freeze                   Ice            0%         1d3       95%         1
 Frozen Ramparts          Ice            0%         1d1       100%        3
 Hailstorm                Conj/Ice       0%         3d3       100%        3
 Fireball                 Conj/Fire      0%         3d3       100%        5
 Iskenderun's Battlesphe  Conj           0%         2d6       100%        5
 Conjure Ball Lightning   Conj/Air       0%         3x3d6     100%        6
 Orb of Destruction       Conj           0%         9d5       100%        7


Dungeon Overview and Level Annotations

Branches:
Dungeon (8/15)             Temple (1/1) D:6           Sewer (visited)
   Lair: D:8-11

Altars:
Ashenzari
Cheibriados
Dithmenos
Elyvilon
Fedhas
Gozag
Hepliaklqana
Kikubaaqudgha
Makhleb
Nemelex Xobeh
Okawaru
Qazlal
Ru
Sif Muna
Uskayaw
Wu Jian
Yredelemnul
Zin
The Shining One

Shops:
D:4 **?*?


Innate Abilities, Weirdness & Mutations

You have a pair of horns on your head.
You cannot be stealthy.
You reflexively headbutt those who attack you in melee.


Message History

The yak gores you! The yak barely misses you. You furiously retaliate!
You headbutt the yak!
You kill the yak!
Your Fighting skill increases to level 8!
Throw: 5 javelins
Press: ? - help, Q - select action, (/) - cycle Shift-Dir - straight line, f/p - very large slime creature
Aim: a very large slime creature (lightly wounded, 84% to hit)
You throw a javelin. The javelin closely misses the yak.
The javelin barely misses the very large slime creature.
The javelin pierces through the yak but does no damage.
The yak is moderately wounded.
The javelin barely misses the slime creature.
Throw: 4 javelins
Press: ? - help, Q - select action, (/) - cycle Shift-Dir - straight line, f/p - very large slime creature
Aim: a very large slime creature (lightly wounded, 84% to hit)
You throw a javelin. The javelin barely misses the yak.
The javelin pierces through the very large slime creature but does no damage.
The very large slime creature is lightly wounded.
The javelin completely misses the yak.
The javelin pierces through the slime creature.
The slime creature is moderately wounded.
The yak gores you but does no damage. The yak gores you.
Throw: 3 javelins
Press: ? - help, Q - select action, (/) - cycle Shift-Dir - straight line, f/p - very large slime creature
Aim: a very large slime creature (lightly wounded, 84% to hit)
You throw a javelin. The javelin pierces through the yak!
You kill the yak!
The javelin pierces through the very large slime creature!
The very large slime creature is moderately wounded.
The javelin pierces through the yak!
The yak is heavily wounded.
The javelin closely misses the yak.
You hit the very large slime creature.
The very large slime creature is moderately wounded.
The very large slime creature hits you!!!
Ouch! That really hurt!
* * * LOW HITPOINT WARNING * * *
The very large slime creature attacks as you move away!
The very large slime creature hits you!!
You die...

#(. #..
.Y. #J#
#Y# #Y#
#######.#
#.....J.#
#.####@.#
#.#.....#
#.#.##.##
#......#
###.####
#########
###.###
#.......#
#.†...#
#.#####.#
#.###.#
####.###.#
...


You could see a very large slime creature, a slime creature and 3 yaks.

Vanquished Creatures
  Joseph (D:7)
  A slime creature (D:8)
  A wyvern (D:8)
  2 yaks (D:8)
  A steam dragon (D:6)
  3 water moccasins
  Duvessa (D:6)
  A black bear (D:5)
  3 sky beasts
  An ogre (D:6)
  A centaur (D:7)
  A gnoll sergeant (D:6)
  2 bullfrogs (D:8)
  4 kobold brigands
  Blork the orc (D:6)
  2 scorpions
  Dowan (D:6)
  5 killer bees (D:7)
  A howler monkey (D:6)
  A hound (D:4)
  2 orc priests
  3 sleepcaps
  Ijyb (D:5)
  Jessica (D:2)
  6 iguanas
  3 orc wizards (D:6)
  12 adders
  11 gnolls
  4 river rats
  2 shadow imps
  A white imp (D:6)
  2 worms
  A dart slug (D:4)
  19 orcs
  5 endoplasms
  5 giant cockroaches
  3 goblins
  8 hobgoblins
  8 jackals
  2 quokkas
  6 ball pythons
  2 bats
  6 frilled lizards
  17 kobolds
  6 rats
  A spectral kobold (D:6)
171 creatures vanquished.

Notes
Turn   | Place    | Note
-------+----------+-------------------------------------------
     0 | D:1      | seaoflcl the Minotaur Fighter began the quest for the Orb.
     0 | D:1      | Reached XP level 1. HP: 19/19 MP: 0/0
   255 | D:1      | Reached XP level 2. HP: 26/27 MP: 1/1
   432 | D:1      | Reached skill level 3 in Axes
  1003 | D:2      | Found a faded altar of an unknown god.
  1276 | D:2      | Noticed Jessica
  1283 | D:2      | Killed Jessica
  1284 | D:2      | Reached XP level 3. HP: 12/33 MP: 2/2
  2094 | D:3      | Reached XP level 4. HP: 40/40 MP: 3/3
  2221 | D:3      | Noticed a scorpion
  2227 | D:3      | Killed a scorpion
  2228 | D:3      | Reached skill level 4 in Axes
  2229 | D:3      | Reached XP level 5. HP: 45/47 MP: 4/4
  2519 | D:4      | Found Wuiceolu's Magic Scroll Boutique.
  2519 | D:4      | Found Ciffeesk's Assorted Antiques.
  2521 | D:4      | Found a glowing drain.
  2541 | Sewer    | Entered a sewer
  2575 | Sewer    | Reached skill level 5 in Axes
  2575 | Sewer    | Reached XP level 6. HP: 55/55 MP: 5/5
  2685 | Sewer    | Reached skill level 5 in Fighting
  2685 | Sewer    | Reached skill level 5 in Armour
  2685 | Sewer    | Reached skill level 5 in Shields
  3010 | Sewer    | Reached skill level 6 in Axes
  3500 | D:4      | Reached XP level 7. HP: 61/61 MP: 6/6
  3651 | D:4      | Found Fedusaf's General Store.
  3704 | D:4      | Found Wyelluseoz's General Store.
  3789 | D:4      | Found Wawoz's Magic Scroll Shoppe.
  3898 | D:4      | Bought a scroll of identify for 28 gold pieces
  3898 | D:4      | Bought a scroll of identify for 28 gold pieces
  3898 | D:4      | Bought a scroll of identify for 28 gold pieces
  4121 | D:5      | Entered Level 5 of the Dungeon
  4259 | D:5      | Reached skill level 7 in Axes
  4524 | D:5      | Identified the +0 scale mail of Inference {rElec Will+}
  4586 | D:5      | Found a shimmering blue altar of Sif Muna.
  4903 | D:5      | Found a burning altar of Makhleb.
  4943 | D:5      | Noticed Ijyb
  4956 | D:5      | Killed Ijyb
  5378 | D:6      | Found an iron altar of Okawaru.
  5384 | D:6      | Reached XP level 8. HP: 66/70 MP: 7/7
  5444 | D:6      | Found a snail-covered altar of Cheibriados.
  5507 | D:6      | Found a staircase to the Ecumenical Temple.
  5532 | Temple   | Entered the Ecumenical Temple
  5692 | Temple   | Became a worshipper of Ru the Awakened
  5753 | D:6      | Noticed Duvessa
  5760 | D:6      | Noticed Dowan
  5761 | D:6      | Reached skill level 8 in Axes
  5761 | D:6      | Killed Duvessa
  5766 | D:6      | Killed Dowan
  6249 | D:6      | Reached skill level 9 in Axes
  6249 | D:6      | Reached skill level 1 in Throwing
  6257 | D:6      | Reached skill level 1 in Evocations
  6261 | D:6      | Reached XP level 9. HP: 67/79 MP: 8/8
  6353 | D:6      | Found a basalt altar of Yredelemnul.
  6528 | D:6      | Found a hazy altar of Hepliaklqana.
  6658 | D:6      | Noticed Blork the orc
  6665 | D:6      | Killed Blork the orc
  6755 | D:6      | Found a white marble altar of Elyvilon.
  7328 | D:7      | Gained mutation: You cannot be stealthy. [Ru sacrifice]
  7536 | D:7      | Noticed Joseph
  7553 | D:7      | Killed Joseph
  7989 | D:7      | Reached skill level 10 in Axes
  8244 | D:8      | Mangled by a very large slime creature

Illustrated notes

Levels and vault maps discovered:
D:1:      dpeg_chamrin_arrival_tetris, layout_basic, serial_curves,
          eino_curves_01, eino_curves_03
D:2:      layout_basic, hellmonk_ecumenical_altar_run_dry, uniq_jessica
D:3:      layout_rooms, serial_corexii_hall, chequers_hall_statues_wall_a,
          corexii_hall_statues_i
D:4:      layout_rooms, portal_sewer_entry_b, serial_shops,
          nicolae_shop_back_alley_shop, kennysheep_mini,
          nicolae_inconvenience_store, shop, shop, grunt_decor_mini_mirrors,
          minmay_liquid_box, minmay_between
D:5:      layout_loops_ring, amcnicky_altar_gilded, lightli_temple_of_fire,
          uniq_ijyb
D:6:      layout_rooms, kennysheep_ying_yang, mainiacjoe_overflow_divided_tiny,
          nicolae_hepliaklqana_monster_ancestors,
          minmay_temple_entry_stoned_glass, hellmonk_no_cap, uniq_duvessa,
          uniq_blork_the_orc
D:7:      layout_basic, lightli_corner_chamber, uniq_joseph
D:8:      layout_loops_cross
Temple:   nicolae_temple_god_jail

Skill      XL: |  1  2  3  4  5  6  7  8  9 |
---------------+----------------------------+-----
Axes           | 3 4 5 6 7 9 10 | 10.4
Fighting       | 4 5 6 7 8 |  8.0
Armour         | 4 5 6 7 8 |  8.1
Shields        | 4 5 6 7 8 |  8.1
Throwing       | 1 3 |  3.3
Evocations     | 1 2 |  2.8

Action                     |  1- 3 |  4- 6 |  7- 9 || total
---------------------------+-------+-------+-------++-------
  Melee: War axe           |    63 |   108 |   262 ||   433
         Headbutt          |     7 |    12 |    56 ||    75
  Throw: Dart              |       |       |     3 ||     3
         Javelin           |       |       |    16 ||    16
 Invoke: Sacrifice Stealth |       |       |     1 ||     1
    Use: Scroll            |       |       |     8 ||     8
         Potion            |       |       |     1 ||     1
 Armour: Scale mail        |    21 |     2 |       ||    23
         Chain mail        |       |    57 |   143 ||   200
  Dodge: Dodged            |    20 |    37 |    93 ||   150
  Block: Buckler           |    14 |    21 |    76 ||   111
